AoeStats
← Morrión

Fortress

509129404Analyzed
2v2 RM · 7d ago on Sep 25, 2026· 34m 8s· 4 players
Game mode
Random Map
Map size
Normal (6 player)
Population
200
Speed
Normal
Resources
Standard
Victory
Conquest
Starting age
Dark Age
Ending age
Imperial Age
RankedLock teamsTeams togetherTeam positionsShared explorationLock speedFull tech treeHidden civsTurbo modeCheats
Victory
Defeat
🇩🇰 Byzantines · Denmark
1425
+13
🇬🇧 Khmer · United Kingdom
1381
+15
🇪🇸 Varangians · Spain
1369
-14
🇪🇸 Danes · Spain
1368
-14
Morrión
6:41 Feudal Age
7:40 Feudal Age
8:50 Double-Bit Axe
11:55 Castle Age
10:18 Scale Mail Armor
10:27 Scale Barding Armor
11:39 Forging
12:36 Horse Collar
18:37 Bloodlines
19:52 Chain Barding Armor
21:00 Iron Casting
20:49 Loom
24:42 Heavy Plow
25:13 Husbandry
29:53 Imperial Age
28:00 Wheelbarrow
27:11 Town Watch
31:44 Plate Barding Armor
33:35 Blast Furnace
33:03 Conscription
juanca12
7:26 Feudal Age
11:36 Castle Age
9:41 Double-Bit Axe
9:38 Horse Collar
11:45 Forging
18:33 Wheelbarrow
18:14 Squires
20:26 Scale Mail Armor
21:16 Heavy Plow
23:13 Hand Cart
23:11 Loom
24:12 Iron Casting
23:52 Bow Saw
25:18 Chain Mail Armor
25:20 Arson
28:33 Elite Skirmisher
29:10 Pikeman
Cicdolfin
8:13 Feudal Age
11:08 Castle Age
8:55 Double-Bit Axe
9:07 Gold Mining
9:05 Horse Collar
12:03 Bow Saw
11:59 Heavy Plow
16:14 Stone Mining
18:05 Wheelbarrow
17:16 Loom
18:16 Scale Barding Armor
19:28 Husbandry
21:47 Hand Cart
25:53 Imperial Age
23:41 Bloodlines
24:44 Forging
26:00 Gold Shaft Mining
26:23 Tusk Swords
26:49 Chain Barding Armor
28:26 Plate Barding Armor
28:03 Elite Battle Elephant
28:53 Cavalier
30:30 Iron Casting
33:04 Blast Furnace
Still allgreen
5:48 Loom
7:36 Feudal Age
8:49 Horse Collar
9:49 Double-Bit Axe
12:13 Castle Age
11:40 Gold Mining
12:10 Scale Barding Armor
13:35 Bow Saw
16:02 Heavy Plow
17:58 Fletching
18:25 Crossbowman
19:04 Bodkin Arrow
20:48 Padded Archer Armor
21:07 Thumb Ring
27:36 Wheelbarrow
31:12 Stone Mining
31:58 Gold Shaft Mining
Connection lost

Rejoining the realm…

Still unreachable

The connection could not be restored.

Session expired

The server has moved on; the page needs a fresh start.